Map: Dédale EC

Players

ShaDoWn

  • Race: Protoss Protoss
  • League: Grandmaster
  • Spawn Location: 7:00

Solar - Winner!

  • Race: Zerg Zerg
  • Spawn Location: 1:00

Event: HomeStory Cup XVII

VOD

Have the link to the VOD?

Description

Time

  • Played on: June 28, 2018, 6:41 p.m.
  • Length: 7:40

All games in this series

Show
View Real Time Build Order
Export as new Build Order

ShaDoWn Protoss 

Build Orders: 1 Gate Expand, Oracle Opening, Phoenix Opening, Zealot Archon, Archon Drop 

Get SALT Encoding   

  12  0:00  Probe  
  13  0:12  Probe  
  14  0:19  Pylon  
  14  0:26  Probe  
  15  0:35  Probe  
  15  0:38  Gateway  
  16  0:43  Probe  
  16  0:48  Assimilator  
  17  0:53  Probe  
  18  1:05  Probe  
  19  1:17  Probe  
  20  1:24  Nexus  
  20  1:33  Cybernetics Core  
  20  1:36  Probe  
  21  1:41  Assimilator  
  21  1:48  Probe  
  21  1:51  Pylon  
  22  2:01  Probe  
  23  2:05  Adept  
  23  2:13  Probe  
  26  2:18  Stargate  
  26  2:25  Probe  
  27  2:30  Pylon  
  27  2:31  Warp Gate  
  27  2:33  Probe x2  
  27  2:35  Adept  
  30  2:41  Probe x2  
  31  2:50  Probe  
  33  2:51  Probe  
  33  2:55  Gateway  
  35  3:00  Probe  
  35  3:04  Phoenix  
  38  3:06  Probe  
  38  3:08  Probe  
  40  3:14  Pylon  
  40  3:17  Probe  
  40  3:18  Probe  
  40  3:19  Oracle  
  41  3:22  Assimilator  
  42  3:29  Probe  
  42  3:32  Probe  
  47  3:38  Assimilator  
  47  3:41  Probe  
  48  3:44  Probe  
  48  3:45  Robotics Facility  
  49  3:53  Probe  
  50  3:56  Probe  
  50  3:57  Twilight Council  
  50  4:00  Pylon  
  51  4:05  Probe  
  51  4:08  Probe  
  53  4:13  Gateway  
  53  4:15  Gateway  
  53  4:17  Probe  
  53  4:20  Probe  
  53  4:22  Warp Prism  
  55  4:29  Probe  
  55  4:30  Pylon  
  56  4:33  Probe  
  59  4:41  Zealot  
  61  4:48  Templar Archives  
  61  4:49  Zealot  
  63  4:56  Nexus  
  63  4:57  Pylon  
  63  4:58  Observer  
  63  4:59  Probe  
  66  5:00  Probe  
  66  5:09  Pylon  
  66  5:12  Probe  
  67  5:14  Probe  
  67  5:16  Forge  
  68  5:24  Probe  
  68  5:26  Probe  
  68  5:27  High Templar x4  
  78  5:31  Archon x2  
  78  5:36  Probe  
  78  5:37  Shield Battery  
  78  5:39  Immortal  
  83  5:44  Probe  
  83  5:47  Gateway, Charge  
  83  5:49  Gateway  
  84  5:57  Gateway  
  84  5:59  Gateway  
  84  6:00  Probe  
  85  6:05  Gateway  
  83  6:16  Sentry x2  
  87  6:18  Immortal  
  91  6:32  Shield Battery x2  
  90  6:36  Zealot x2  
  90  6:39  Pylon  
  94  6:41  Pylon  
  94  6:42  Shield Battery  
  94  6:54  Zealot x3  
  98  6:56  Pylon  
  98  6:58  Immortal  
  98  6:59  Pylon  
  104  7:05  High Templar x2  
  104  7:06  Zealot  
  104  7:07  Zealot x3  
  116  7:10  Archon  
  116  7:16  Zealot x3  
  116  7:20  Pylon  
  116  7:21  Pylon  
  122  7:27  Zealot x2  
  95  7:35  Zealot x2  
Show
View Real Time Build Order
Export as new Build Order

Solar Zerg - Winner!

Build Orders: Hatch First 

Get SALT Encoding   

  12  0:01  Drone  
  13  0:13  Overlord  
  13  0:17  Drone  
  14  0:32  Drone  
  14  0:33  Drone  
  16  0:36  Drone  
  17  0:52  Hatchery  
  17  0:54  Drone  
  17  0:58  Drone  
  17  1:03  Extractor  
  17  1:13  Spawning Pool  
  17  1:15  Drone  
  17  1:18  Drone  
  18  1:28  Drone  
  19  1:39  Drone  
  20  1:50  Overlord  
  20  1:59  Queen  
  22  2:03  Queen  
  22  2:05  Zergling x4  
  22  2:07  Metabolic Boost  
  26  2:11  Drone  
  26  2:15  Drone  
  28  2:25  Drone x2  
  30  2:37  Hatchery  
  30  2:38  Drone  
  30  2:44  Queen  
  30  2:48  Overlord  
  32  2:51  Drone  
  32  2:53  Drone  
  32  2:58  Drone  
  35  2:59  Drone  
  36  3:06  Drone  
  36  3:09  Drone x3  
  36  3:10  Drone  
  41  3:19  Overlord, Queen  
  41  3:23  Drone  
  44  3:27  Overlord  
  44  3:39  Drone x4  
  48  3:41  Spore Crawler, Lair  
  48  3:44  Drone  
  48  3:46  Spore Crawler  
  47  3:49  Drone  
  47  3:53  Drone x4  
  47  3:54  Drone  
  53  3:58  Extractor x2  
  53  4:00  Overlord  
  53  4:02  Drone  
  52  4:06  Drone  
  52  4:08  Extractor  
  52  4:12  Drone x2  
  52  4:14  Drone  
  52  4:15  Drone  
  56  4:20  Drone x2  
  56  4:23  Overlord  
  58  4:26  Drone  
  58  4:28  Drone  
  58  4:29  Drone x2  
  58  4:30  Drone x2  
  63  4:32  Drone x2  
  63  4:35  Drone  
  63  4:38  Overlord  
  66  4:41  Hydralisk Den  
  65  4:46  Zergling x4  
  65  4:47  Overseer  
  65  4:49  Overlord  
  65  4:52  Overlord  
  67  4:57  Overlord  
  67  5:00  Zergling x8  
  67  5:02  Overlord  
  70  5:09  Hydralisk  
  70  5:10  Hydralisk x4  
  70  5:13  Grooved Spines  
  80  5:15  Hydralisk  
  80  5:18  Hydralisk  
  84  5:21  Hydralisk  
  84  5:27  Overlord  
  86  5:31  Hydralisk x3  
  92  5:37  Hydralisk  
  92  5:39  Overlord, Hydralisk  
  96  5:48  Overseer, Hydralisk  
  98  5:50  Overlord  
  98  5:55  Hydralisk  
  98  5:56  Hydralisk  
  100  6:03  Zergling x16  
  100  6:04  Zergling x2  
  111  6:06  Zergling x2  
  111  6:07  Zergling x10  
  117  6:21  Hydralisk x2  
  117  6:24  Muscular Augments, Zergling x4  
  119  6:26  Overlord  
  119  6:29  Hydralisk x2  
  119  6:31  Zergling x4  
  121  6:35  Overlord  
  121  6:40  Zergling x14  
  121  6:44  Lurker Den, Extractor  
  121  6:45  Zergling x2  
  127  6:49  Zergling x2  
  127  6:54  Zergling x2  
  127  6:55  Zergling x2  
  127  7:00  Zergling x6  
  131  7:04  Overlord  
  131  7:07  Zergling x8  
  134  7:16  Zergling x2  
  134  7:17  Zergling x10  
  134  7:19  Drone  
  141  7:24  Drone  
Tags
 
Add a new tag
Caveats
  • Supply blocks, unpowered buildings, or Contaminate may cause inaccurate times.
  • Supply counts are checked every 10 seconds.